 Dungeon Crawl Stone Soup version 0.31-a0-983-g7b6862f502 (webtiles) character file.

Game seed: 14303951567874205519

67 Azuregosa the Sneak (level 4, -1/27 HPs)
             Began as a Deep Elf Delver on Nov 2, 2023.
             Was a Follower of Vehumet.
             Succumbed to an adder's poison
             ... on level 3 of the Dungeon.
             The game lasted 00:09:59 (2434 turns).

Azuregosa the Sneak (Deep Elf Delver)               Turns: 2434, Time: 00:10:00

Health: -1/27      AC:  4    Str:  9    XL:     4   Next: 0%
Magic:  6/11       EV: 12    Int: 17    God:    Vehumet [*.....]
Gold:   133        SH:  0    Dex: 16    Spells: 6/9 levels left

rFire   . . .        a - +0 short sword
rCold   . . .        (no shield)
rNeg    . . .        b - +0 leather armour
rPois   .            (no helmet)
rElec   .            (no cloak)
rCorr   .            j - +0 pair of gloves
SInv    .            (no boots)
Will    .....        (no amulet)
Stlth   +++          (no ring)
HPRegen 0.24/turn    (no ring)
MPRegen 0.12/turn

%: no passive effects
@: lethally poisoned (-1 -> -6)
A: no striking features
a: Renounce Religion


You were on level 3 of the Dungeon.
You worshipped Vehumet.
Vehumet was aware of your devotion.
You visited 2 branches of the dungeon, and saw 6 of its levels.

You collected 133 gold pieces.

Inventory:

Hand Weapons
 a - a +0 short sword (weapon)
Missiles
 d - 3 atropa-tipped darts
 s - 17 stones
Armour
 b - a +0 leather armour (worn)
 j - a +0 pair of gloves (worn)
 o - a +0 buckler
Wands
 g - a wand of digging (7)
 i - a wand of acid (12)
Scrolls
 c - a scroll of fog
 e - a scroll of fear
 h - 2 scrolls of teleportation {unknown}
 r - a scroll of blinking {unknown}
Potions
 f - a potion of haste
 k - a potion of might {unknown}
 l - a potion of resistance {unknown}
 m - a potion of degeneration {unknown}
 n - 2 potions of cancellation {unknown}
 p - 2 potions of attraction {unknown}
 q - a potion of lignification {unknown}


   Skills:
 - Level 2.4 Fighting
 - Level 2.0 Short Blades
 - Level 2.4 Dodging
 - Level 7.0 Stealth
 + Level 3.4 Spellcasting
 + Level 0.0 Summonings


You had 6 spell levels left.
You knew the following spells:

 Your Spells              Type           Power      Damage    Failure   Level
a - Foxfire               Conj/Fire      8%         2x1d4     24%         1
b - Summon Small Mammal   Summ           8%         N/A       24%         1
c - Apportation           Tloc           4%         N/A       24%         1

Your spell library contained the following spells:

 Spells                   Type           Power      Damage    Failure   Level
 Necrotise                Necr           8%         1d4       24%         1
 Wereblood                Tmut           2%         N/A       34%         2
 Dazzling Flash           Conj/Hex       4%         N/A       56%         3
 Volatile Blastmotes      Fire/Tloc      4%         2d10      56%         3
 Irradiate                Conj/Tmut      1%         3d12      100%        5
 Starburst                Conj/Fire      1%         6d3       100%        6
 Maxwell's Capacitive Co  Air            1%         ∞         100%        8


Dungeon Overview and Level Annotations

Branches:
Dungeon (5/15)             Temple (1/1) D:5

Altars:
Ashenzari
Cheibriados
Elyvilon
Hepliaklqana
Kikubaaqudgha
Makhleb
Okawaru
Qazlal
Ru
Trog
Uskayaw
Vehumet
Wu Jian
Xom
Yredelemnul
Zin
The Shining One

Annotations:
D:3 Terence
D:5 1 runed translucent door, Domino's ghost, novice MiBe


Message History

Casting: Summon Small Mammal (safe; 24% risk of failure)
Confirm with . or Enter, or press ? or * to list all spells.
You feel sick. The adder closely misses you.
Your rat barely misses the adder.
The adder barely misses you.
You swap places.
You feel sick.
Your bat hits the adder.
You feel sick. The adder barely misses you.
Your rat barely misses the adder.
You feel sick.
Your bat barely misses the adder.
The adder barely misses your bat.
Your rat closely misses the adder.
Your bat barely misses the adder.
You swap places.
You feel sick. The adder bites you.
* * * LOW HITPOINT WARNING * * *
The adder closely misses you.
Your rat closely misses the adder.
You swap places.
You feel sick.
Your bat closely misses the adder. x2
The adder barely misses your bat.
Casting: Summon Small Mammal (safe; 24% risk of failure)
Confirm with . or Enter, or press ? or * to list all spells.
You feel sick.
Your bat barely misses the adder.
The adder bites your bat.
Your bat is poisoned.
The adder poisons your bat!
Your bat hits the adder but does no damage.
You feel sick.
You are no longer poisoned.
Your bat dies!
Your bat's corpse disappears in a puff of smoke!
The adder attacks as it pursues you! The adder closely misses you.
Your rat bites the adder.
Your magical contamination has completely faded away.
The adder bites you.
* * * LOW HITPOINT WARNING * * *
There is a stone staircase leading up here.
Casting: Summon Small Mammal (safe; 24% risk of failure)
Confirm with . or Enter, or press ? or * to list all spells.
The adder bites you.
* * * LOW HITPOINT WARNING * * *
Your bat closely misses the adder.
The adder closely misses you. The adder attacks as it pursues you!
The adder bites you.
* * * LOW HITPOINT WARNING * * *
You are lethally poisoned!
The adder poisons you!
You die...

##########
#........###
#........+.#
#.)......#.#######
#.......b.........
. #+#.###....


There were no monsters in sight!

Vanquished Creatures
  3 adders
  A worm (D:2)
  6 bats
  An endoplasm (D:1)
  3 giant cockroaches
  5 goblins
  2 hobgoblins (D:2)
  2 quokkas (D:1)
  5 ball pythons
  4 kobolds
  6 rats
38 creatures vanquished.

Vanquished Creatures (others)
  14 foxfires
14 creatures vanquished.

Grand Total: 52 creatures vanquished

Notes
Turn   | Place    | Note
-------+----------+-------------------------------------------
     0 | D:5      | Azuregosa the Deep Elf Delver began the quest for the Orb.
     0 | D:5      | Reached XP level 1. HP: 13/13 MP: 3/3
    33 | D:5      | Found a staircase to the Ecumenical Temple.
    75 | Temple   | Entered the Ecumenical Temple
    92 | Temple   | Became a worshipper of Vehumet
   151 | D:5      | Found a runed translucent door.
   152 | D:5      | Noticed Domino's ghost (novice MiBe)
   178 | D:4      | Found a hide-covered altar of Uskayaw.
   464 | D:1      | Reached XP level 2. HP: 18/18 MP: 4/4
  1113 | D:2      | Reached skill level 7 in Stealth
  1278 | D:2      | Found a radiant altar of Vehumet.
  1319 | D:2      | Reached * piety under Vehumet
  1319 | D:2      | Offered knowledge of Foxfire by Vehumet.
  1323 | D:2      | Learned a level 1 spell: Foxfire
  1351 | D:2      | Reached skill level 1 in Spellcasting
  1579 | D:2      | Learned a level 1 spell: Summon Small Mammal
  1591 | D:2      | Reached XP level 3. HP: 22/22 MP: 5/7
  1669 | D:2      | Learned a level 1 spell: Apportation
  2103 | D:3      | Found a faded altar of an unknown god.
  2225 | D:3      | Noticed Terence
  2383 | D:3      | Reached XP level 4. HP: 27/27 MP: 8/11
  2430 | D:3      | HP: 1/27 [adder (4)]
  2434 | D:3      | Succumbed to an adder's poison

Illustrated notes

Levels and vault maps discovered:
D:1:      doesnt_arrival_eight_statues, layout_loops_ring,
          kennysheep_nondescript, minmay_misc_feat_hallway
D:2:      layout_loops_cross, basic_altar, corexii_item_surrounded_by_moat,
          dreamdust_mushroom_princess
D:3:      layout_basic, mainiacjoe_overflow_catwalk_spiral,
          nicolae_ecumenical_pavilion, minmay_misc_feat_chi,
          minmay_pentomino_pile, uniq_terence
D:4:      layout_rooms, mainiacjoe_overflow_catwalk
D:5:      layout_layer_cave, minmay_temple_entry_grid, gammafunk_ghost_grave,
          uniq_grinder, uniq_prince_ribbit1, uniq_menkaure
Temple:   nicolae_temple_bog_church

Skill      XL: |  1  2  3 |
---------------+----------+-----
Stealth        | 7 |  7.0
Spellcasting   | 1 3 |  3.4
Fighting       | |  2.4
Short Blades   | |  2.0
Dodging        | |  2.4

Action                     |  1- 3 |  4- 6 || total
---------------------------+-------+-------++-------
  Melee: Short sword       |   113 |       ||   113
         Punch             |     2 |       ||     2
  Throw: Dart              |     1 |       ||     1
   Cast: Foxfire           |    10 |       ||    10
         Summon Small Mamm |     2 |     5 ||     7
         Apportation       |     1 |       ||     1
    Use: Scroll            |     1 |       ||     1
   Stab: Sleeping          |    16 |       ||    16
 Armour: Leather armour    |    58 |     7 ||    65
  Dodge: Dodged            |    64 |    11 ||    75
  Block: Buckler           |    12 |       ||    12

Table legend: (Time is in decaauts)
 A = Elapsed time spent in this place.
 B = Non-inter-level travel time spent in this place.
 C = Inter-level travel time spent in this place.
 D = Time resting spent in this place.
 E = Time spent auto-exploring this place.
 F = Levels seen in this place.
 G = Mean time per level.
                   A        B        C        D        E       F      G
               +--------+--------+--------+--------+--------+-----+--------+
         Total |   2427 |   2321 |    106 |    366 |   1149 |   6 |  404.5 |
       Dungeon |   2390 |   2300 |     90 |    366 |   1149 |   5 |  478.0 |
        Temple |     36 |     20 |     16 |      0 |      0 |   1 |   36.0 |
               +--------+--------+--------+--------+--------+-----+--------+

Top non-repeatable levels by time:
     D:2: 1310 daAuts
     D:1: 728 daAuts
     D:3: 169 daAuts
     D:5: 121 daAuts
     D:4: 61 daAuts
  Temple: 36 daAuts
